 Dungeon Crawl Stone Soup version 0.13.1-2-gfb2c2b7 (webtiles) character file.

10478 Chiseanne the Nimble (level 11, -5/85 HPs)
             Began as a Centaur Artificer on Dec 10, 2013.
             Was a High Priest of Nemelex Xobeh.
             Slain by a vampire mosquito (8 damage)
             ... summoned by the player character
             ... on Level 12 of the Dungeon on Dec 11, 2013.
             The game lasted 01:19:31 (17705 turns).

Chiseanne the Nimble (Centaur Artificer)           Turns: 17705, Time: 01:19:32

HP  -5/85        AC 16     Str 19      XL: 11   Next: 34%
MP  15/20        EV 10     Int 14      God: Nemelex Xobeh [*****.]
Gold 151         SH  0     Dex  9      Spells:  0 memorised, 10 levels left

Res.Fire  : + . .   See Invis. : .   a - +3,+2 dwarf battleaxe
Res.Cold  : . . .   Warding    : .   E - +2 leather armour {rF+}
Life Prot.: . . .   Conserve   : +   (no shield)
Res.Poison: +       Res.Corr.  : .   L - +0 helmet
Res.Elec. : .       Clarity    : .   (no cloak)
Sust.Abil.: . .     Spirit.Shd : .   h - +2 pair of gloves
Res.Mut.  : .       Stasis     : .   k - +0 centaur barding
Res.Rott. : .       Flight     : .   v - amulet of conservation
Saprovore : . . .                    l - +4 ring of strength
                                     p - ring of poison resistance

@: very slightly contaminated, very quick, somewhat resistant to hostile
enchantments, unstealthy
A: hooves 3, deformed body, herbivore 1, speed 2, fast metabolism 1, tough skin
3
a: Draw One, Peek at Two, Triple Draw, Deal Four, Stack Five, Renounce Religion


You were on level 12 of the Dungeon.
You worshipped Nemelex Xobeh.
Nemelex Xobeh was extremely pleased with you.
You were not hungry.

You visited 3 branches of the dungeon, and saw 14 of its levels.

You collected 492 gold pieces.
You spent 361 gold pieces at shops.

Inventory:

Hand weapons
 a - a +3,+2 dwarven battleaxe (weapon)
 s - a +3,+2 great mace of crushing
 w - a -3 blowgun
Missiles
 r - 17 darts of dispersal (quivered)
Armour
 h - a +2 pair of gloves (worn)
 k - a +0 centaur barding (worn)
 n - a +1 robe of cold resistance
 E - a +2 leather armour of fire resistance (worn)
 L - a +0 helmet (worn)
Magical devices
 b - a wand of frost (5)
 c - a wand of enslavement (12)
Comestibles
 f - 12 bread rations
 i - 2 rotting chunks of orc flesh
Scrolls
 m - 2 scrolls of teleportation
 B - a scroll of blinking
 D - a scroll of fear
 K - 2 scrolls of identify
 P - a scroll of magic mapping
Jewellery
 j - an uncursed ring of teleport control
 l - a +4 ring of strength (right hand)
 p - a ring of poison resistance (left hand)
 v - an amulet of conservation (around neck)
 H - an uncursed ring of invisibility
 Q - an uncursed ring of teleport control
Potions
 e - a potion of cure mutation
 I - 3 potions of curing
 M - a potion of mutation
 R - a potion of might
Magical staves
 g - an uncursed staff of power
Miscellaneous
 d - a plain deck of escape {drawn: 1} {god gift}
 q - a sack of spiders
 t - an ornate deck of summonings {drawn: 4} {god gift}


   Skills:
 * Level 5.8 Fighting
   Level 0.8 Short Blades
 - Level 5.3 Axes
 * Level 2.1 Maces & Flails
 * Level 5.2 Armour
 * Level 8.3 Dodging
 - Level 2.8 Stealth
   Level 2.0 Shields
   Level 3.0 Poison Magic
 * Level 7.1 Evocations


You had 10 spell levels left.
You didn't know any spells.

Dungeon Overview and Level Annotations

Branches:
Dungeon (12/27)            Temple (1/1) D:7             Orc (0/4) D:7
   Lair (1/8) D:8

Altars:
Ashenzari
Cheibriados
Elyvilon
Fedhas
Kikubaaqudgha
Makhleb
Nemelex Xobeh
Okawaru
Sif Muna
Trog
Vehumet
Xom
Yredelemnul
Zin
the Shining One

Shops:
D:6 %


Innate Abilities, Weirdness & Mutations

You have hooves in place of feet.
Armour fits poorly on your strangely shaped body.
You digest meat inefficiently.
You cover ground very quickly.
You have a fast metabolism.
You have extremely tough skin (AC +3).


Message History

Aim: a vampire mosquito (summoned)
Okay, then.
Unknown command.
Read which item? (? for menu, Esc to quit)
As you read the scroll of fear, it crumbles to dust.
You assume a fearsome visage.
Your long sword is unaffected.
The vampire mosquito is unaffected.
Your vampire mosquito is unaffected.
The vampire mosquito is unaffected.
Your vampire mosquito is unaffected.
The yak looks frightened!
Your vampire mosquito bites the vampire mosquito!
The vampire mosquito closely misses you.
Your long sword hits the yak!
Your vampire mosquito bites the vampire mosquito!
Your vampire mosquito misses the vampire mosquito.
The vampire mosquito bites you!
You die...
Your body glows with a rainbow of weird colours and disappears.

##### ##...## ##.....##
#.......## ##...#....#
#....##..@## ##
##...###.yyy## #.
###....####yyy.# #.
#......#..##.y.## ##
##....###...#....### #
##....####.ยง.##.%...#
###.....##.....###.(..##
#.....####...%#####.Y..##
.....## ##...Y.###.....#


You could see a yak (fleeing), 2 vampire mosquitoes, 5 friendly vampire
mosquitoes and a friendly long sword.

Vanquished Creatures
  A cyclops (D:12)
  An elephant (D:8)
  An orc warrior (D:8)
  A shadow (D:11)
  2 yaks
  2 ugly things (D:11)
  A vampire mosquito (D:12)
  4 wolves (D:10)
  Grum (D:10)
  A hog (D:7)
  A hill giant skeleton (D:12)
  A steam dragon (D:9)
  4 ogres
  2 hippogriffs (D:7)
  A sky beast (D:7)
  A necrophage (D:7)
  2 black bears (D:9)
  2 phantoms
  A human (D:7)
  2 ice beasts
  2 yellow wasps
  2 crocodiles (D:8)
  4 centaurs
  A water moccasin (D:6)
  An agate snail (D:8)
  9 giant frogs
  An eye of draining (D:12)
  3 wights (D:8)
  A yak skeleton (D:10)
  5 killer bees (D:9)
  2 goliath beetles
  6 hounds
  5 crimson imps
  A two-headed ogre zombie (D:7)
  A quasit (D:3)
  2 orc priests
  A giant frog skeleton (D:5)
  A giant frog zombie (D:7)
  5 iguanas
  A soldier ant zombie (D:10)
  4 jellies
  18 orc wizards
  10 worker ants
  7 scorpions
  6 sheep
  A sky beast zombie (D:9)
  A hound skeleton (D:5)
  An ogre skeleton (D:5)
  A hound zombie (D:10)
  A mummy (D:8)
  16 adders
  3 worms
  A giant centipede zombie (D:11)
  An iguana skeleton (D:8)
  2 giant eyeballs
  7 giant geckos
  An ooze (D:1)
  33 orcs
  2 ball pythons
  A bat zombie (D:7)
  4 giant cockroaches
  17 goblins
  9 hobgoblins
  7 jackals
  9 quokkas
  14 bats
  2 giant cockroach zombies
  A giant mite zombie (D:7)
  2 giant newts
  2 giant spores
  A jackal skeleton (D:7)
  24 kobolds
  2 kobold skeletons
  20 rats
  23 ballistomycetes
340 creatures vanquished.

Vanquished Creatures (collateral kills)
  Harold (D:12)
  Nessos (D:12)
  A hill giant (D:11)
  A troll (D:12)
  A hill giant zombie (D:12)
  4 yaks
  5 ugly things (D:11)
  A manticore (D:8)
  A vampire mosquito (D:12)
  A phantom (D:7)
  An ice beast (D:8)
  A centaur (D:8)
  An orc warrior (D:8)
  A giant frog (D:11)
  An agate snail (D:8)
  3 killer bees (D:11)
  5 orc wizards
  A jelly (D:8)
  A scorpion (D:8)
  A sheep (D:7)
  3 gnolls (D:4)
  2 adders
  A worm (D:11)
  A giant eyeball (D:8)
  7 orcs
  A hobgoblin (D:4)
  A bat (D:6)
  A gnoll skeleton (D:4)
  4 kobolds
54 creatures vanquished.

Vanquished Creatures (others)
  A dancing weapon (D:11)
  A vampire mosquito (D:12)
  A wolf (D:11)
  A boring beetle (D:11)
  3 spiders
  A worker ant (D:6)
8 creatures vanquished.

Grand Total: 402 creatures vanquished

Notes
Turn   | Place    | Note
--------------------------------------------------------------
     0 | D:1      | Chiseanne, the Centaur Artificer, began the quest for the Orb.
     0 | D:1      | Reached XP level 1. HP: 17/17 MP: 1/1
   245 | D:1      | Reached skill level 3 in Evocations
   245 | D:1      | Reached XP level 2. HP: 24/24 MP: 3/3
   293 | D:1      | Found a shattered altar of Ashenzari.
   951 | D:2      | Reached XP level 3. HP: 27/29 MP: 4/4
  1446 | D:2      | Reached XP level 4. HP: 33/36 MP: 5/5
  2231 | D:2      | Reached skill level 1 in Armour
  3110 | D:3      | Reached skill level 4 in Evocations
  3218 | D:3      | Reached XP level 5. HP: 39/42 MP: 7/7
  3673 | D:3      | Gained mutation: You are partially covered in yellow scales (AC +2). [potion of mutation]
  3673 | D:3      | Gained mutation: Your spells are a little harder to cast, but a little more powerful. [potion of mutation]
  3673 | D:3      | Gained mutation: Your mind is acute. (Int +2) [potion of mutation]
  4233 | D:4      | Noticed a hill giant
  4535 | D:4      | Reached XP level 6. HP: 47/49 MP: 9/9
  5373 | D:4      | Paralysed by a giant eyeball for 2 turns
  5628 | D:4      | Reached XP level 7. HP: 45/56 MP: 10/10
  5723 | D:5      | Entered Level 5 of the Dungeon
  6688 | D:5      | Found a bloodstained altar of Trog.
  7305 | D:6      | Reached XP level 8. HP: 57/63 MP: 12/12
  7320 | D:6      | Found Quaggu's Food Shop.
  7968 | D:7      | Reached skill level 5 in Dodging
  8165 | D:7      | Reached skill level 5 in Evocations
  8808 | D:7      | Reached skill level 6 in Dodging
  9032 | D:7      | Reached XP level 9. HP: 61/70 MP: 15/15
  9150 | D:7      | Found a staircase to the Ecumenical Temple.
  9156 | Temple   | Entered the Ecumenical Temple
  9292 | Temple   | Became a worshipper of Nemelex Xobeh
  9303 | Temple   | Received a gift from Nemelex Xobeh
  9329 | Temple   | Received a gift from Nemelex Xobeh
  9462 | D:6      | Bought a bread ration for 52 gold pieces
  9462 | D:6      | Bought a meat ration for 52 gold pieces
  9462 | D:6      | Bought a bread ration for 52 gold pieces
  9462 | D:6      | Bought an apple for 10 gold pieces
  9462 | D:6      | Bought a pear for 10 gold pieces
  9462 | D:6      | Bought a pear for 10 gold pieces
  9462 | D:6      | Bought a bread ration for 52 gold pieces
  9462 | D:6      | Bought a sausage for 19 gold pieces
  9462 | D:6      | Bought a bread ration for 52 gold pieces
  9462 | D:6      | Bought a meat ration for 52 gold pieces
  9520 | D:6      | Acquired Nemelex Xobeh's first power
  9929 | D:4      | Acquired Nemelex Xobeh's second power
 10292 | D:2      | Received a gift from Nemelex Xobeh
 10382 | D:2      | Lost mutation: Your spells are a little harder to cast, but a little more powerful. [helix card]
 10384 | D:2      | Gained mutation: Your body is slowly deteriorating. [helix card]
 10564 | D:1      | Acquired Nemelex Xobeh's third power
 10927 | D:7      | Reached skill level 1 in Stealth
 11347 | D:7      | Found a staircase to the Orcish Mines.
 11539 | D:8      | Received a gift from Nemelex Xobeh
 11540 | D:8      | Reached skill level 1 in Poison Magic
 11804 | D:8      | Reached skill level 1 in Axes
 11844 | D:8      | Paralysed by a giant eyeball for 2 turns
 12054 | D:8      | Paralysed by a giant eyeball for 4 turns
 12085 | D:8      | Acquired Nemelex Xobeh's fourth power
 12123 | D:8      | Found a staircase to the Lair.
 12228 | D:8      | Noticed an elephant
 12273 | D:8      | Killed an elephant
 12504 | D:8      | Reached skill level 1 in Shields
 12697 | Lair:1   | Entered Level 1 of the Lair of Beasts
 12697 | Lair:1   | Noticed a spiny frog
 12952 | D:9      | Received a gift from Nemelex Xobeh
 12995 | D:9      | Reached skill level 7 in Dodging
 12995 | D:9      | Reached XP level 10. HP: 70/78 MP: 17/17
 14035 | D:9      | Received a gift from Nemelex Xobeh
 14051 | D:9      | Paralysed by a giant eyeball for 2 turns
 14325 | D:10     | Entered Level 10 of the Dungeon
 14533 | D:10     | Noticed Grum
 14557 | D:10     | Killed Grum
 14904 | D:10     | Reached skill level 5 in Fighting
 15184 | D:11     | Lost mutation: Your body is slowly deteriorating. [potion of cure mutation]
 15184 | D:11     | Lost mutation: You are partially covered in yellow scales (AC +2). [potion of cure mutation]
 15184 | D:11     | Lost mutation: Your mind is acute. (Int +2) [potion of cure mutation]
 15185 | D:11     | Noticed a hill giant
 15202 | D:11     | Killed a hill giant
 15701 | D:11     | Reached skill level 5 in Axes
 15701 | D:11     | Reached XP level 11. HP: 30/85 MP: 17/19
 16203 | D:12     | Noticed Nessos
 16211 | D:12     | Killed Nessos
 16211 | D:12     | Reached skill level 5 in Armour
 16224 | D:12     | Acquired Nemelex Xobeh's fifth power
 16236 | D:12     | Noticed Harold
 16247 | D:12     | Killed Harold
 16321 | D:12     | Reached skill level 8 in Dodging
 16486 | D:12     | Reached skill level 1 in Maces & Flails
 16697 | D:12     | HP: 3/85 [troll (17)]
 16697 | D:12     | HP: 1/85 [troll (2)]
 17386 | D:12     | Received a gift from Nemelex Xobeh
 17704 | D:12     | HP: 2/85 [vampire mosquito[the player character] (8)]
 17705 | D:12     | Slain by a vampire mosquito

Action                   |  1- 3 |  4- 6 |  7- 9 | 10-12 || total
-------------------------+-------+-------+-------+-------++-------
Melee: Short sword       |   121 |    81 |       |       ||   202
       Hand axe          |       |   237 |   104 |       ||   341
       Falchion          |       |       |    61 |       ||    61
       Quarterstaff      |       |       |   341 |       ||   341
       Trident           |       |       |    12 |       ||    12
       Battleaxe         |       |       |    26 |   352 ||   378
       Great mace        |       |       |       |    31 ||    31
 Fire: Blowgun           |       |       |     6 |       ||     6
Throw: Dart              |       |       |       |     1 ||     1
Invok: Draw One          |       |       |    17 |    13 ||    30
       Peek at Two       |       |       |     2 |     2 ||     4
Evoke: Wand              |       |    39 |    59 |    17 ||   115
       Deck              |       |       |    13 |       ||    13
       Miscellaneous     |       |       |       |     3 ||     3
  Use: Scroll            |     7 |     8 |    14 |     9 ||    38
       Potion            |       |     4 |     3 |    10 ||    17
 Stab: Distracted        |       |     1 |       |       ||     1
       Paralysed         |       |       |     3 |       ||     3
       Sleeping          |       |       |       |     1 ||     1
